 Dungeon Crawl Stone Soup version 0.22-a0-443-g17c3723 (webtiles) character file.

63 suvakkihuora the Skirmisher (level 4, -3/37 HPs)
             Began as a Formicid Gladiator on June 1, 2018.
             Slain by a gnoll
             ... wielding a +0 club
              (4 damage)
             ... on level 10 of the Dungeon.
             The game lasted 00:02:10 (838 turns).

suvakkihuora the Skirmisher (Formicid Gladiator)     Turns: 838, Time: 00:02:11

Health: -3/37      AC:  3    Str: 16 (19) XL:     4   Next: 30%
Magic:  4/4        EV: 12    Int:  7 (8)  God:
Gold:   51         SH:  0    Dex:  7 (9)  Spells: 3/3 levels left

rFire    . . .     SeeInvis +   a - +0 war axe
rCold    . . .     Gourm    .   (no shield)
rNeg     . . .     Faith    .   b - +0 leather armour
rPois    .         Spirit   .   (helmet unavailable)
rElec    .         Reflect  .   (no cloak)
rCorr    .         Harm     .   (no gloves)
MR       .....                  (no boots)
Stlth    +.........             (no amulet)
HPRegen  0.12/turn              g - -3 ring of dexterity (curse)
MPRegen  0.09/turn              (no ring)

@: no status effects
A: permanent stasis, dig shafts and tunnels, four strong arms, antennae 3
a: Dig, Shaft Self


You were on level 10 of the Dungeon.
You were not hungry.

You visited 1 branch of the dungeon, and saw 9 of its levels.

You collected 51 gold pieces.

Inventory:

Hand Weapons
 a - a +0 war axe (weapon)
Missiles
 c - 2 throwing nets (quivered)
Armour
 b - a +0 leather armour (worn)
Jewellery
 g - a cursed -3 ring of dexterity (left hand)
Comestibles
 d - a ration


   Skills:
 * Level 4.0 Fighting
 + Level 3.7 Axes
 - Level 2.0 Throwing
 - Level 2.6 Dodging


You had 3 spell levels left.
You didn't know any spells.
Your spell library was empty.

Dungeon Overview and Level Annotations

Branches:
Dungeon (11/15)
 Temple: D:4-7         Lair: D:8-11         Orc: D:9-12

Altars:


Innate Abilities, Weirdness & Mutations

You cannot be hasted, slowed, berserked, paralysed or teleported.
You can dig through walls and to a lower floor.
Your four strong arms can wield two-handed weapons with a shield.
You have a pair of large antennae on your head. (SInv)


Message History

You climb downwards.
You hear a distant snort.
Hark!
There is an entrance to a minotaur's labyrinth on this level.
Find the entrance quickly before the gate is sealed!
A manticore and an ugly thing come into view.
The purple ugly thing gurgles horribly!
Found a fuming cyan potion.
There is a stone staircase leading up here.
You climb upwards.
The gnoll hits you with a whip! The gnoll hits you with a club.
The gnoll hits you with a halberd!
* * * LOW HITPOINT WARNING * * *
The gnoll closely misses you. The gnoll hits you with a club.
* * * LOW HITPOINT WARNING * * *
There is a stone staircase leading down, spattered with blood here.
Unknown command.
Unknown command.
It was a potion of magic.
Magic courses through your body. The gnoll closely misses you.
The gnoll hits you with a whip.
* * * LOW HITPOINT WARNING * * *
The gnoll hits you with a club.
You die...

#......#
#......#
+......#
#.}....#
#.....$#
#......###
#....g...#
#<.g@5...#{
#....g...#
#........#{
#...g....#{
#...gg...#{
###.....##
{ #.....+
#.....#
#.....#


You could see a gnoll shaman, 5 gnolls and a crimson imp.

Vanquished Creatures
  A centaur zombie (D:5)
  A gnoll (D:5)
  An adder (D:9)
  A leopard gecko (D:1)
  A giant cockroach (D:1)
  A hobgoblin (D:1)
  3 bats (D:1)
  A frilled lizard (D:1)
10 creatures vanquished.

Notes
Turn   | Place    | Note
-------+----------+-------------------------------------------
     0 | D:1      | suvakkihuora the Formicid Gladiator began the quest for the Orb.
     0 | D:1      | Reached XP level 1. HP: 16/16 MP: 1/1
    54 | D:1      | Reached XP level 2. HP: 16/23 MP: 2/2
    94 | D:2      | You fall through a shaft!
   105 | D:3      | You fall through a shaft!
   154 | D:5      | Entered Level 5 of the Dungeon
   166 | D:5      | Reached skill level 3 in Fighting
   166 | D:5      | Reached XP level 3. HP: 3/30 MP: 3/3
   459 | D:5      | Reached XP level 4. HP: 22/37 MP: 4/4
   475 | D:5      | You fall through a shaft!
   758 | D:6      | You fall through a shaft for 3 floors!
   769 | D:9      | Reached skill level 4 in Fighting
   823 | D:10     | Entered Level 10 of the Dungeon
   835 | D:11     | Noticed a purple ugly thing
   835 | D:11     | Noticed a manticore
   838 | D:10     | HP: 1/37 [gnoll/whip (3)]
   838 | D:10     | Slain by a gnoll

Vault maps used:
D:1:      lightli_arrival_statue_moat
D:2:      lemuel_crystal_altar, uniq_natasha
D:3:      gammafunk_temple_overflow_claw
D:4:      first_ration
D:5:      wad_crossroads, serial_shops, nicolae_shop_stone, minmay_misc_feat_x
D:6:      nicolae_qazlal_style_of_elements, nicolae_overflow_hidden_temple,
          lemuel_round_altar, minmay_temple_entry_mist, fedhas_altar_2,
          uniq_grinder
D:9:      bloody_makhleb, kennysheep_mini_moat, serial_shops, shop,
          enter_bailey_2, uniq_joseph, uniq_maurice
D:10:     lair_entry_dummy
D:11:     cheibrodos_tormentor_scu, lab_entry_generic, serial_shops,
          nicolae_shop_stone, shop

Skill      XL: |  1  2  3  4 |
---------------+-------------+-----
Fighting       | 3 4 |  4.0
Axes           | |  3.7
Throwing       | |  2.0
Dodging        | |  2.6

Action                   |  1- 3 |  4- 6 || total
-------------------------+-------+-------++-------
Melee: War axe           |    38 |    12 ||    50
Throw: Throwing net      |     1 |       ||     1
 Abil: Shaft Self        |     2 |     2 ||     4
       Dig               |     1 |     1 ||     2
  Use: Potion            |     1 |     1 ||     2
 Stab: Held in net/web   |     1 |       ||     1
  Eat: Chunk             |       |     2 ||     2
Armor: Leather armour    |    22 |     2 ||    24
Dodge: Dodged            |    30 |    16 ||    46

Table legend:
 A = Spawn XP
 B = Non-spawn XP
 C = Spawn XP percentage of total XP
 D = Spawn monster count
 E = Non-spawn monster count
 F = Spawn count percentage of total count
 G = Total turns spent on level
                    A         B        C        D         E        F      G
               +---------+---------+-------+---------+---------+-------+---------
         Total |       0 |      90 |   0.0 |       0 |      10 |   0.0 |   838
               +---------+---------+-------+---------+---------+-------+---------
           D:1 |       0 |      12 |   0.0 |       0 |       7 |   0.0 |    90
           D:5 |       0 |      65 |   0.0 |       0 |       2 |   0.0 |   321
           D:9 |       0 |      13 |   0.0 |       0 |       1 |   0.0 |    65
               +---------+---------+-------+---------+---------+-------+---------
